 Dungeon Crawl Stone Soup version 0.29-a0-495-g17b7911 (webtiles) character file.

Game seed: 7388162758307745731

205 Toastz the Shooter (level 5, -2/32 (33) HPs)
             Began as a Tengu Hunter on May 27, 2022.
             Was an Initiate of Hepliaklqana.
             Slain by Crazy Yiuf
             ... wielding a +4 quarterstaff of chaos
              (4 damage)
             ... on level 2 of the Dungeon.
             The game lasted 00:02:23 (1813 turns).

Toastz the Shooter (Tengu Hunter)                   Turns: 1813, Time: 00:02:23

HP:   -2/32 (33)    AC:  4    Str: 11    XL:     5   Next: 83%
MP:   6/6           EV: 14    Int: 10    God:    Hepliaklqana [......]
Gold: 68            SH:  0    Dex: 19    Spells: 4/4 levels left

rFire   . . .      SeeInvis .   a - +1 shortbow
rCold   . . .      Faith    .   (shield currently unavailable)
rNeg    . . .      Spirit   .   b - +0 leather armour
rPois   .          Reflect  .   (helmet restricted)
rElec   .          Harm     .   d - +0 cloak
rCorr   .          Rampage  .   (no gloves)
Will    .....                   (boots unavailable)
Stlth   ++........              (no amulet)
HPRegen 0.10/turn               (no ring)
MPRegen 0.10/turn               (no ring)

@: lethally poisoned (-2 -> -11), flying quickly and evasively, lightly drained,
quick
A: beak, talons 3, nimble flight
a: Renounce Religion


You were on level 2 of the Dungeon.
You worshipped Hepliaklqana.
Hepliaklqana was noncommittal.
You visited 1 branch of the dungeon, and saw 2 of its levels.

You collected 68 gold pieces.

Inventory:

Hand Weapons
 a - a +1 shortbow (weapon)
 j - a +1 dagger of venom
Armour
 b - a +0 leather armour (worn)
 d - a +0 cloak (worn)
Scrolls
 c - a scroll of immolation
 e - a scroll of enchant weapon {unknown}
 f - a scroll of fog
 g - a scroll of brand weapon
 k - a scroll of torment {unknown}
 m - a scroll of fear {unknown}
Potions
 h - a potion of might {unknown}
 i - a potion of lignification {unknown}
 l - a potion of haste {unknown}


   Skills:
 + Level 3.7 Fighting
 * Level 6.6 Bows
 - Level 2.1 Dodging
 - Level 1.0 Stealth


You had 4 spell levels left.
You didn't know any spells.
Your spell library was empty.

Dungeon Overview and Level Annotations

Branches:
Dungeon (2/15)

Altars:
Hepliaklqana

Shops:
D:2 !

Annotations:
D:2 Crazy Yiuf


Innate Abilities, Weirdness & Mutations

You have a beak for a mouth.
You have claws for feet.
Your magical nature lets you fly swiftly and evasively.


Message History

You reach down and open the door.
You see here a +0 mace.
You see here a +0 mace.
You see here a +0 mace.
You see here a +0 mace.
Crazy Yiuf yells, "Walk head pontify!"
Crazy Yiuf screams, "Cards verde meccalolo!"
Crazy Yiuf laughs, "Liver unthinkable blue!"
Shoot: a) +1 shortbow
Press: ? - help, Q - select action Shift-Dir - straight line, f - Crazy Yiuf
Aim: Crazy Yiuf, wielding a +4 quarterstaff of chaos and wearing a +1 cloak of poison resistance (69% to hit)
You shoot an arrow. The arrow barely misses Crazy Yiuf.
Crazy Yiuf twirls on the spot.
Shoot: a) +1 shortbow
Press: ? - help, Q - select action Shift-Dir - straight line, f/p - Crazy Yiuf
Aim: Crazy Yiuf, wielding a +4 quarterstaff of chaos and wearing a +1 cloak of poison resistance (69% to hit)
You shoot an arrow. The arrow closely misses Crazy Yiuf.
Shoot: a) +1 shortbow
Press: ? - help, Q - select action Shift-Dir - straight line, f/p - Crazy Yiuf
Aim: Crazy Yiuf, wielding a +4 quarterstaff of chaos and wearing a +1 cloak of poison resistance (69% to hit)
You shoot an arrow. The arrow hits Crazy Yiuf.
Crazy Yiuf is lightly wounded.
Crazy Yiuf closely misses you.
Crazy Yiuf yells, "Snower rumpyflump sanguine!"
Crazy Yiuf hits you with a +4 quarterstaff of chaos.
Shoot: a) +1 shortbow
Press: ? - help, Q - select action Shift-Dir - straight line, f/p - Crazy Yiuf
Aim: Crazy Yiuf, wielding a +4 quarterstaff of chaos and wearing a +1 cloak of poison resistance (lightly wounded, 69% to hit)
You shoot an arrow. The arrow closely misses Crazy Yiuf.
Crazy Yiuf hits you with a +4 quarterstaff of chaos!
You are poisoned.
Shoot: a) +1 shortbow
Press: ? - help, Q - select action Shift-Dir - straight line, f/p - Crazy Yiuf
Aim: Crazy Yiuf, wielding a +4 quarterstaff of chaos and wearing a +1 cloak of poison resistance (lightly wounded, 69% to hit)
You shoot an arrow. The arrow closely misses Crazy Yiuf.
You feel very sick.
Crazy Yiuf hits you with a +4 quarterstaff of chaos!
* * * LOW HITPOINT WARNING * * *
You feel drained.
You die...

#.#.##....##...#.#.###...........
...............#...............#.
.....................#...........
#.#.###.####.#.#.#...........###.
#.#.###.####.#.#.#.#.#..####)###.
#................................
#.########.................#.###.
#.###### #...<...#.........#.# #.
#.##...# #.#.#.#@#.........#.###.
#.##...# #.#.#.#g#.###+#####.....
..##...###.#.#...........# #.####
.......+...............#.# #.#
..##...###.#.#...#..####.###.####
..##...##........................
.................##.###..###..###
..#.####<.....................###
.................................


You could see Crazy Yiuf.

Vanquished Creatures
  Sigmund (D:2)
  2 adders (D:2)
  A dart slug (D:1)
  A bat (D:2)
  3 endoplasms
  2 goblins (D:2)
  3 hobgoblins (D:2)
  4 jackals (D:1)
  4 quokkas
  A ball python (D:1)
  A frilled lizard (D:1)
  4 rats
27 creatures vanquished.

Notes
Turn   | Place    | Note
-------+----------+-------------------------------------------
     0 | D:1      | Toastz the Tengu Hunter began the quest for the Orb.
     0 | D:1      | Reached XP level 1. HP: 12/12 MP: 2/2
   183 | D:1      | Reached XP level 2. HP: 17/17 MP: 3/3
   413 | D:1      | Found a faded altar of an unknown god.
   624 | D:1      | Reached skill level 5 in Bows
   835 | D:2      | Reached XP level 3. HP: 22/22 MP: 4/4
   919 | D:2      | Found Reuri's Distillery.
  1043 | D:2      | Found a hazy altar of Hepliaklqana.
  1056 | D:2      | Became a worshipper of Hepliaklqana the Forgotten
  1091 | D:2      | Noticed Sigmund
  1100 | D:2      | Killed Sigmund
  1101 | D:2      | Reached skill level 6 in Bows
  1101 | D:2      | Reached XP level 4. HP: 26/28 MP: 5/5
  1101 | D:2      | Gained mutation: Your magical nature lets you fly swiftly
                  | and evasively. [Tengu growth]
  1101 | D:2      | Reached XP level 5. HP: 30/32 MP: 6/6
  1561 | D:2      | Found a runed translucent door.
  1562 | D:2      | Noticed Crazy Yiuf
  1572 | D:2      | Identified the +6 mace of Somewhere Else {drain, Fragile
                  | Str+6 SInv}
  1813 | D:2      | Slain by Crazy Yiuf

Illustrated notes

Levels and vault maps discovered:
D:1:      psy_arrival_dodecagon, layout_basic,
          shapermc_ecumenical_altar_totnotflames
D:2:      layout_basic, serial_shops, shop, basic_altar, uniq_sigmund,
          uniq_crazy_yiuf_cottage

Skill      XL: |  1  2  3 |
---------------+----------+-----
Bows           | 5 6 |  6.6
Fighting       | 3 |  3.7
Dodging        | |  2.1
Stealth        | |  1.0

Action                   |  1- 3 |  4- 6 || total
-------------------------+-------+-------++-------
 Fire: Shortbow          |    63 |    22 ||    85
  Use: Scroll            |     3 |       ||     3
Armor: Leather armour    |     4 |     1 ||     5
Dodge: Dodged            |    15 |     5 ||    20

Table legend: (Time is in decaauts)
 A = Elapsed time spent in this place.
 B = Non-inter-level travel time spent in this place.
 C = Inter-level travel time spent in this place.
 D = Time resting spent in this place.
 E = Time spent auto-exploring this place.
 F = Levels seen in this place.
 G = Mean time per level.
                   A        B        C        D        E       F      G
               +--------+--------+--------+--------+--------+-----+--------+
         Total |   1778 |   1713 |     65 |      0 |   1501 |   2 |  889.0 |
       Dungeon |   1778 |   1713 |     65 |      0 |   1501 |   2 |  889.0 |
               +--------+--------+--------+--------+--------+-----+--------+

Top non-repeatable levels by time:
     D:2: 977 daAuts
     D:1: 800 daAuts
